 Dungeon Crawl Stone Soup version 0.22.0-36-g8e74550 (webtiles) character file.

272 Marcoleric the Slinger (level 6, -2/41 HPs)
             Began as a Halfling Hunter on Aug 24, 2018.
             Splashed by a jelly's acid (8 damage)
             ... on level 6 of the Dungeon.
             The game lasted 00:11:29 (1320 turns).

Marcoleric the Slinger (Halfling Hunter)            Turns: 1320, Time: 00:11:30

Health: -2/41      AC: -3    Str: 13    XL:     6   Next: 48%
Magic:  6/6        EV: 15    Int:  9    God:
Gold:   81         SH:  0    Dex: 17    Spells: 5/5 levels left

rFire    . . .     SeeInvis .   a - +1 hunting sling
rCold    . . .     Gourm    .   (shield restricted)
rNeg     . . .     Faith    .   c - +1 leather armour
rPois    .         Spirit   .   (no helmet)
rElec    .         Reflect  .   (no cloak)
rCorr    .         Harm     .   (no gloves)
MR       .....                  (no boots)
Stlth    ++........             (no amulet)
HPRegen  0.13/turn              h - ring of flight
MPRegen  0.10/turn              (no ring)

@: corroded
A: small, mutation resistance 1
a: Evoke Flight


You were on level 6 of the Dungeon.
You were not hungry.

You visited 1 branch of the dungeon, and saw 5 of its levels.

You collected 81 gold pieces.

Inventory:

Hand Weapons
 a - a +1 hunting sling (weapon)
 b - a +0 short sword
 j - a +0 hunting sling
 l - a +0 club
 o - a +0 hunting sling
Missiles
 e - 11 stones (quivered)
Armour
 c - a +1 leather armour (worn)
Jewellery
 h - a ring of flight (left hand)
 n - an uncursed ring of see invisible {unknown}
Scrolls
 g - a scroll of remove curse
 m - a scroll of random uselessness {unknown}
Potions
 d - a potion of mutation {unknown}
 i - a potion of haste {unknown}
 k - a potion of berserk rage {unknown}
Comestibles
 f - 3 rations


   Skills:
 + Level 2.4 Fighting
 + Level 9.7 Slings
 + Level 1.4 Armour
 + Level 2.4 Dodging
 + Level 1.2 Stealth


You had 5 spell levels left.
You didn't know any spells.
Your spell library was empty.

Dungeon Overview and Level Annotations

Branches:
Dungeon (6/15)
 Temple: D:4-7

Altars:
Wu Jian

Annotations:
D:5 dysrexia's ghost, novice GnAK; nubinia's ghost, novice GrFE; raikaria's ghost, amateur OgIE


Innate Abilities, Weirdness & Mutations

You are small and have problems with some larger weapons.
You are somewhat resistant to further mutation.


Message History

Aim: a jelly (moderately wounded)
You shoot a stone.
The stone hits the jelly but does no damage.
The jelly is moderately wounded.
Firing (i - inventory)
e - 13 stones (quivered)
Press: ? - help, Shift-Dir - straight line, f/p - jelly
Aim: a jelly (moderately wounded)
You shoot a stone. The stone hits the jelly.
The jelly is heavily wounded.
The jelly misses you.
Firing (i - inventory)
e - 12 stones (quivered)
Press: ? - help, Shift-Dir - straight line, f/p - jelly
Aim: a jelly (heavily wounded)
You shoot a stone.
The stone hits the jelly but does no damage.
The jelly is heavily wounded.
The jelly hits you.
* * * LOW HITPOINT WARNING * * *
The acid corrodes you!
You are splashed with acid!
The acid burns!
You die...

#.##.#..# #.# ###.......#
#.##.#.#.((....
.....#....###.##.#....(....
...........................
........)..##.##.#..(......
...........................
.........#.##.##.#.#(......
.........#.##.##.#.#(......
.........#.##...@J..(.....(
..[......#.#####.###.......
..##.##..#.#####.# .......
####..####.......# .......
#..#..# ######### .......
#...#.# ....... #.#...#
....... ##.#.## .......
#...#.#


You could see a jelly.

Vanquished Creatures
  A bullfrog (D:6)
  A scorpion (D:6)
  A crimson imp (D:6)
  An orc wizard (D:6)
  Terence (D:2)
  2 adders (D:2)
  4 oozes (D:2)
  2 worms (D:2)
  A leopard gecko (D:2)
  3 goblins (D:2)
  4 hobgoblins
  3 kobolds
  2 bats
  2 frilled lizards
  6 rats
34 creatures vanquished.

Notes
Turn   | Place    | Note
-------+----------+-------------------------------------------
     0 | D:1      | Marcoleric the Halfling Hunter began the quest for the Orb.
     0 | D:1      | Reached XP level 1. HP: 14/14 MP: 1/1
    65 | D:1      | Reached skill level 6 in Slings
   166 | D:1      | Reached XP level 2. HP: 10/19 MP: 2/2
   232 | D:2      | Noticed Terence
   244 | D:2      | Killed Terence
   244 | D:2      | Reached skill level 7 in Slings
   244 | D:2      | Reached XP level 3. HP: 11/24 MP: 3/3
   255 | D:2      | Reached XP level 4. HP: 9/29 MP: 4/4
   578 | D:2      | Reached skill level 8 in Slings
   805 | D:3      | You fall through a shaft for 2 floors!
   805 | D:5      | Entered Level 5 of the Dungeon
   829 | D:5      | Noticed an ice beast
   840 | D:5      | Found a runed gate.
   840 | D:5      | Found a runed gate.
   841 | D:5      | Found a runed gate.
   842 | D:5      | Noticed raikaria's ghost (amateur OgIE)
   842 | D:5      | Noticed nubinia's ghost (novice GrFE)
   843 | D:5      | Noticed dysrexia's ghost (novice GnAK)
   909 | D:6      | Noticed a bullfrog
   919 | D:6      | Killed a bullfrog
   919 | D:6      | Reached skill level 1 in Armour
   919 | D:6      | Reached XP level 5. HP: 13/34 MP: 5/5
  1178 | D:6      | Reached skill level 9 in Slings
  1178 | D:6      | Reached XP level 6. HP: 40/40 MP: 6/6
  1253 | D:6      | Found an ornate altar of the Wu Jian Council.
  1320 | D:6      | Splashed by a jelly's acid

Skill      XL: |  1  2  3  4  5 |
---------------+----------------+-----
Slings         | 6 7 8 9 |  9.7
Fighting       | 2 |  2.4
Armour         | 1 |  1.4
Dodging        | |  2.4
Stealth        | |  1.2

Action                   |  1- 3 |  4- 6 || total
-------------------------+-------+-------++-------
 Fire: Hunting sling     |    45 |    96 ||   141
  Use: Scroll            |     2 |     3 ||     5
  Eat: Ration            |       |     1 ||     1
Armor: Leather armour    |     3 |     3 ||     6
Dodge: Dodged            |    13 |    16 ||    29
